 Dungeon Crawl Stone Soup version 0.25-a0-458-g6fc7858 (webtiles) character file.

Game seed: 16330091496607447770, levelgen mode: deterministic

2091 Coldstonesans the Fighter (level 9, -3/74 HPs)
             Began as a Minotaur Gladiator on Feb 3, 2020.
             Was a Follower of Uskayaw.
             Killed from afar by an electric eel (7 damage)
             ... with a bolt of electricity
             ... on level 7 of the Dungeon.
             The game lasted 00:13:38 (7157 turns).

Coldstonesans the Fighter (Minotaur Gladiator)      Turns: 7157, Time: 00:13:39

Health: -3/74      AC:  7    Str: 21    XL:     9   Next: 6%
Magic:  8/8        EV: 18    Int:  5    God:    Uskayaw [*.....]
Gold:   88         SH:  0    Dex: 18    Spells: 8/8 levels left

rFire    . . .     SeeInvis .   u - +2 battleaxe (drain)
rCold    + . .     Gourm    .   (shield currently unavailable)
rNeg     . . .     Faith    .   m - +0 ring mail
rPois    .         Spirit   .   c - +0 hat
rElec    .         Reflect  .   (no cloak)
rCorr    .         Harm     .   (no gloves)
MR       .....                  (no boots)
Stlth    ++........             (no amulet)
HPRegen  0.22/turn              i - ring of protection from cold
MPRegen  0.11/turn              (no ring)

@: agile, about to teleport
A: retaliatory headbutt, horns 2, frail 1, shaggy fur 1
a: Stomp, Renounce Religion


You were on level 7 of the Dungeon.
You worshipped Uskayaw.
Uskayaw was noncommittal.
You were hungry.

You visited 2 branches of the dungeon, and saw 8 of its levels.

You collected 344 gold pieces.
You spent 256 gold pieces at shops.

Inventory:

Hand Weapons
 a - a +0 war axe
 d - a +2 hunting sling of freezing
 j - a +4 spear of flaming
 t - a +0 vampiric hand axe
 u - a +2 battleaxe of draining (weapon)
 E - a +2 war axe of draining
Missiles
 q - 197 stones (quivered)
Armour
 c - a +0 hat (worn)
 e - a +0 shield
 m - a +0 ring mail (worn)
Jewellery
 i - a ring of protection from cold (left hand)
 C - a cursed amulet of faith
Wands
 y - a wand of flame (14)
Scrolls
 g - 3 scrolls of teleportation
 v - 4 scrolls of identify
 w - a scroll of enchant weapon {unknown}
 x - 2 scrolls of enchant armour {unknown}
 A - 2 scrolls of immolation {unknown}
 B - a scroll of noise {unknown}
 D - a scroll of random uselessness {unknown}
Potions
 b - 2 potions of brilliance {unknown}
 h - 3 potions of curing {unknown}
 k - 2 potions of lignification {unknown}
 l - a potion of magic {unknown}
 n - a potion of cancellation {unknown}
 o - a potion of degeneration {unknown}
 p - a potion of berserk rage {unknown}
 s - 3 potions of agility
 z - a potion of haste {unknown}
Comestibles
 f - 7 rations
 r - 4 chunks of flesh


   Skills:
 * Level 9.0 Fighting
 + Level 7.1 Axes
 + Level 5.3 Throwing
 + Level 5.8 Armour
 - Level 3.2 Dodging
 + Level 3.6 Shields
 + Level 1.1 Invocations


You had 8 spell levels left.
You didn't know any spells.
Your spell library contained the following spells:

 Spells                   Type           Power        Failure   Level  Hunger
 Corona                   Hex            #......      63%         1    ##.....
 Ensorcelled Hibernation  Hex/Ice        #.....       77%         2    ###....
 Confusing Touch          Hex            #.......     94%         3    ####...
 Dazzling Flash           Conj/Hex       #.....       94%         3    ####...
 Gell's Gravitas          Tloc           #.........   94%         3    ####...
 Tukima's Dance           Hex            #.......     94%         3    ####...
 Petrify                  Tmut/Erth      #.......     100%        4    #####..
 Metabolic Englaciation   Hex/Ice        #.........   100%        5    ######.
 Yara's Violent Unravell  Hex/Tmut       #.........   100%        5    ######.


Dungeon Overview and Level Annotations

Branches:
Dungeon (7/15)             Temple (1/1) D:4

Altars:
Ashenzari
Cheibriados
Dithmenos
Gozag
Hepliaklqana
Kikubaaqudgha
Makhleb
Nemelex Xobeh
Okawaru
Qazlal
Ru
Sif Muna
Trog
Uskayaw
Vehumet
Wu Jian
Xom
Yredelemnul
Zin
The Shining One

Shops:
D:4 !   D:6 *?

Portals:
Ossuary: D:7


Innate Abilities, Weirdness & Mutations

You reflexively headbutt those who attack you in melee.
You have a pair of horns on your head.
You are frail. (-10% HP)
You are covered in fur. (AC +1)


Message History

The howler monkey hits the plant.
The centaur hits the plant.
The electric eel shoots out a bolt of lightning at you!
The bolt of electricity hits the plant.
The bolt of electricity hits you!
* * * LOW HITPOINT WARNING * * *
The electric eel shoots out a bolt of lightning at you!
The bolt of electricity hits you!
* * * LOW HITPOINT WARNING * * *
The bolt of electricity hits you!
* * * LOW HITPOINT WARNING * * *
The bolt of electricity hits the electric eel.
The electric eel completely resists.
Okay, then.
Okay, then.
It was a potion of agility.
You feel agile all of a sudden.
The centaur hits the plant but does no damage.
The howler monkey hits the plant but does no damage.
The electric eel shoots out a bolt of lightning at you!
The bolt of electricity hits the plant!
The bolt of electricity hits you!
You die...

.PP≈≈; ... ....PP;
≈. ....#≈≈ ch
.....≈≈♣P#
....#.≈≈P#####.
.....P≈≈P#..#..
....#...PP;......
....#....@.......
.................
......##....%....
......##.........
.................
.......†.........
.................
...#...............
##.##...##..........


You could see a centaur, a howler monkey and 3 electric eels.

Vanquished Creatures
  A hungry ghost (D:3)
  2 ice beasts
  2 sky beasts (D:7)
  3 orc warriors
  2 ogres
  A centaur (D:5)
  2 bullfrogs (D:6)
  A crimson imp (D:6)
  A centaur zombie (D:5)
  A hound (D:6)
  6 orc wizards
  5 orc priests
  An iguana (D:4)
  An iron imp (D:5)
  4 worker ants
  2 hound skeletons (D:5)
  2 worker ant zombies (D:5)
  8 gnolls
  5 adders
  2 shadow imps
  2 oozes
  An adder skeleton (D:6)
  An adder zombie (D:5)
  2 worms (D:3)
  2 dart slugs
  10 leopard geckos
  27 orcs
  7 giant cockroaches
  9 goblins
  9 hobgoblins
  12 jackals
  5 kobolds
  4 quokkas
  3 ball pythons
  6 bats
  2 frilled lizards (D:2)
  2 goblin skeletons (D:5)
  4 goblin zombies (D:5)
  6 hobgoblin zombies (D:5)
  A kobold zombie (D:5)
  A leopard gecko skeleton (D:6)
  A quokka zombie (D:5)
  6 rats
175 creatures vanquished.

Vanquished Creatures (others)
  2 jackals (D:7)
2 creatures vanquished.

Grand Total: 177 creatures vanquished

Notes
Turn   | Place    | Note
-------+----------+-------------------------------------------
     0 | D:1      | Coldstonesans the Minotaur Gladiator began the quest for
                  | the Orb.
     0 | D:1      | Reached XP level 1. HP: 18/18 MP: 0/0
    86 | D:1      | Reached XP level 2. HP: 25/25 MP: 1/1
   115 | D:1      | Reached skill level 3 in Fighting
   208 | D:1      | Reached skill level 1 in Armour
   581 | D:1      | Reached XP level 3. HP: 31/31 MP: 2/2
  1080 | D:2      | Reached XP level 4. HP: 11/40 MP: 3/3
  1229 | D:2      | Reached skill level 4 in Fighting
  1947 | D:1      | Reached XP level 5. HP: 47/47 MP: 4/4
  2107 | D:3      | You fall into a shaft and drop 1 floor!
  2746 | D:4      | Found a staircase to the Ecumenical Temple.
  2786 | D:4      | Found Tinaek's Distillery.
  2795 | D:4      | Bought a potion of mutation for 80 gold pieces
  2795 | D:4      | Bought a potion of might for 40 gold pieces
  2795 | D:4      | Gained mutation: You are robust. (+10% HP) [potion of
                  | mutation]
  2795 | D:4      | Lost mutation: You are robust. (+10% HP) [potion of
                  | mutation]
  2795 | D:4      | Gained mutation: You are frail. (-10% HP) [potion of
                  | mutation]
  2795 | D:4      | Gained mutation: You are covered in fur. (AC +1) [potion of
                  | mutation]
  3167 | D:4      | Found a bloodstained altar of Trog.
  3257 | D:3      | Reached skill level 5 in Fighting
  3289 | D:3      | Found an opulent altar of Gozag.
  3562 | D:3      | Reached XP level 6. HP: 50/50 MP: 5/5
  3580 | D:3      | Found an ornate altar of the Wu Jian Council.
  3581 | D:3      | Found a sparkling altar of Nemelex Xobeh.
  3628 | D:3      | Noticed a hungry ghost
  3644 | D:3      | Killed a hungry ghost
  3644 | D:3      | Reached skill level 5 in Axes
  3803 | Temple   | Entered the Ecumenical Temple
  3927 | Temple   | Became a worshipper of Uskayaw the Reveler
  4035 | D:5      | Entered Level 5 of the Dungeon
  4052 | D:5      | Reached * piety under Uskayaw
  4054 | D:5      | Reached ** piety under Uskayaw
  4055 | D:5      | Reached skill level 6 in Fighting
  4058 | D:5      | Reached *** piety under Uskayaw
  4059 | D:5      | Reached XP level 7. HP: 46/56 MP: 6/6
  4346 | D:5      | Found a glowing golden altar of the Shining One.
  4362 | D:5      | Reached **** piety under Uskayaw
  4570 | D:6      | Found Guorch's Magic Scroll Boutique.
  4570 | D:6      | Found Xeykhuit's Assorted Antiques.
  4575 | D:6      | Bought a scroll of blinking for 97 gold pieces
  4575 | D:6      | Bought a scroll of teleportation for 39 gold pieces
  4608 | D:5      | Reached skill level 7 in Fighting
  5991 | D:5      | Reached skill level 1 in Shields
  6029 | D:6      | Reached XP level 8. HP: 50/65 MP: 7/7
  6041 | D:6      | Reached ***** piety under Uskayaw
  6193 | D:6      | Reached skill level 5 in Armour
  6307 | D:6      | Reached skill level 8 in Fighting
  6325 | D:6      | Reached skill level 5 in Throwing
  6907 | D:7      | Found a sand-covered staircase.
  6993 | D:7      | Reached XP level 9. HP: 73/73 MP: 8/8
  7008 | D:7      | Reached skill level 1 in Invocations
  7013 | D:7      | Reached skill level 9 in Fighting
  7157 | D:7      | Killed from afar by an electric eel

Levels and vault maps discovered:
D:1:      mrwooster_arrival_arrow, layout_basic, feat_on_display
D:2:      layout_loops_ring, minmay_nonomino_d4
D:3:      layout_rooms, gammafunk_temple_overflow_statue,
          grunt_gozag_breadcrumbs, first_ration
D:4:      layout_loops_corners, bloody_trog, minmay_temple_entry_metal_lava,
          serial_shops, shop_statue, minmay_crossroads
D:5:      layout_rooms, nicolae_tso_besieged_by_evil, serial_undead,
          serial_undead_d, serial_undead_c, serial_undead_e, serial_undead_b,
          mrwooster_statue_mirror
D:6:      layout_cave_pools, serial_shops, shop_scrolls, nicolae_shop_crystal
D:7:      layout_cave_pools, fedhas_altar_2, elyvilon_altar_4,
          chequers_ossuary_entry_cave, serial_bayou, serial_bayou_ford_a,
          serial_bayou_lagoon_a, serial_bayou_pond_c, serial_bayou_pond_d,
          serial_bayou_pond_e, serial_bayou_pond_d
Temple:   regret_index_temple_generic_petals

Skill      XL: |  1  2  3  4  5  6  7  8  9 |
---------------+----------------------------+-----
Fighting       | 3 4 5 6 7 8 9 |  9.0
Armour         | 1 2 3 4 5 |  5.8
Axes           | 4 5 6 7 |  7.1
Throwing       | 3 4 5 |  5.3
Shields        | 1 3 |  3.6
Invocations    | 1 |  1.1
Dodging        | |  3.2

Action                   |  1- 3 |  4- 6 |  7- 9 || total
-------------------------+-------+-------+-------++-------
Melee: War axe           |    71 |    63 |       ||   134
       Headbutt          |    13 |    28 |    39 ||    80
       Hand axe          |       |    84 |   116 ||   200
       Battleaxe         |       |       |    49 ||    49
       Spear             |       |       |    15 ||    15
 Fire: Hunting sling     |       |       |     4 ||     4
Throw: Throwing net      |       |     2 |     3 ||     5
Evoke: Wand              |       |       |     7 ||     7
  Use: Scroll            |       |     4 |     6 ||    10
       Potion            |       |     2 |     3 ||     5
 Stab: Sleeping          |     2 |       |       ||     2
       Paralysed         |       |     1 |    12 ||    13
       Held in net/web   |       |     1 |     1 ||     2
  Eat: Chunk             |     1 |    11 |     7 ||    19
       Ration            |       |       |     1 ||     1
Armor: Leather armour    |    18 |     3 |       ||    21
       Ring mail         |       |    37 |    63 ||   100
Dodge: Dodged            |    62 |   104 |   124 ||   290
Block: Shield            |       |       |     6 ||     6

Table legend:
 A = Non-vault XP
 B = Vault XP
 C = Vault XP percentage of total XP
 D = Non-vault monster count
 E = Vault monster count
 F = Vault count percentage of total count
                 A         B        C        D         E       F
            +---------+---------+-------+---------+---------+-------
      Total |    2834 |     154 |   5.2 |     148 |      27 |  15.4
            +---------+---------+-------+---------+---------+-------
        D:1 |      69 |       0 |   0.0 |      27 |       0 |   0.0
        D:2 |     132 |      13 |   9.0 |      24 |       8 |  25.0
        D:3 |     297 |       0 |   0.0 |      24 |       0 |   0.0
        D:4 |      77 |       0 |   0.0 |      11 |       0 |   0.0
        D:5 |     660 |     141 |  17.6 |      14 |      19 |  57.6
        D:6 |    1020 |       0 |   0.0 |      36 |       0 |   0.0
        D:7 |     579 |       0 |   0.0 |      12 |       0 |   0.0
            +---------+---------+-------+---------+---------+-------
